 Dungeon Crawl Stone Soup version 0.16.2-12-gd0ad4c3 (webtiles) character file.

831 musteatbrain the Cleaver (level 7, 0/60 (64) HPs)
             Began as a Minotaur Fighter on Sept 27, 2015.
             Slain by an ogre
             ... wielding a +0 giant club
             ... summoned by a shadow trap
             ... triggered by a quokka
              (5 damage)
             ... on level 5 of the Dungeon.
             The game lasted 00:08:51 (3224 turns).

musteatbrain the Cleaver (Minotaur Fighter)         Turns: 3224, Time: 00:08:52

HP:   0/60 (64)     AC:  6    Str: 23    XL:     7   Next: 65%
MP:   3/3           EV:  9    Int:  5    God:
Gold: 147           SH:  0    Dex:  9    Spells: 0 memorised, 6 levels left

rFire  . . .     SeeInvis .     u - +0 war axe
rCold  . . .     Clarity  .     b - +0 scale mail
rNeg   . . .     SustAb   .     (no shield)
rPois  .         Gourm    .     (helmet restricted)
rElec  .         Spirit   .     (no cloak)
rCorr  .         Warding  .     (no gloves)
rMut   .         Stasis   .     (no boots)
MR     .....                    (no amulet)
Stlth  ..........               (no ring)
                                (no ring)

@: not resistant to hostile enchantments, extremely unstealthy
A: retaliatory headbutt, horns 2
a: no special abilities


You were on level 5 of the Dungeon.
You were not hungry.

You visited 1 branch of the dungeon, and saw 5 of its levels.

You collected 147 gold pieces.

Inventory:

Hand weapons
 a - a +0 war axe
 u - a +0 war axe (weapon)
Armour
 b - a +0 scale mail (worn)
 c - a +0 shield
 t - a +0 pair of gloves
Magical devices
 k - a wand of confusion (16)
Scrolls
 g - 2 scrolls of blinking {unknown}
 h - a scroll of amnesia {unknown}
 i - 6 scrolls of identify {unknown}
 l - a scroll of noise {unknown}
 m - a scroll of recharging {unknown}
 r - 3 scrolls of enchant weapon {unknown}
 s - a scroll of remove curse {unknown}
Potions
 j - a potion of ambrosia {unknown}
 n - 2 potions of haste {unknown}
 o - a potion of cure mutation {unknown}
 p - a potion of magic {unknown}
 q - 2 potions of poison {unknown}
Books
 e - a book of the Warp

   Spells                             Type                      Level
   a - Recall                         Summoning/Translocation      3
   b - Control Teleport               Charms/Translocation         4
   c - Force Lance                    Conjuration/Translocation    4
   d - Phase Shift                    Translocation                5
   e - Warp Weapon                    Charms/Translocation         5
   f - Gell's Gravitas                Hexes/Translocation          5
   g - Summon Forest                  Summoning/Translocation      5
Comestibles
 d - 3 bread rations
 f - 3 meat rations
 v - 10 fruits


   Skills:
 + Level 6.9 Fighting
 * Level 8.9 Axes
 - Level 3.6 Armour
 - Level 3.6 Shields


You had 6 spell levels left.
You didn't know any spells.

Dungeon Overview and Level Annotations

Branches:
Dungeon (5/15)
 Temple: D:4-7

Altars:
Fedhas
Gozag
Makhleb
Vehumet


Innate Abilities, Weirdness & Mutations

You reflexively headbutt those who attack you in melee.
You have a pair of horns on your head.


Message History

You barely miss the ogre. The ogre barely misses you.
You hit the ogre.
The ogre is lightly wounded.
The ogre hits you with a giant club!
* * * LOW HITPOINT WARNING * * *
You hit the ogre.
The ogre is lightly wounded.
Drink which item? (? for menu, Esc to quit)
Okay, then.
You hit the ogre.
The ogre is lightly wounded.
The ogre hits you with a giant club!
* * * LOW HITPOINT WARNING * * *
The ogre closely misses you. You furiously retaliate!
You headbutt the ogre!
Drink which item? (? for menu, Esc to quit)
Okay, then.
You hit the ogre. You headbutt the ogre.
The ogre is heavily wounded.
The ogre hits you with a giant club.
You die...

.#.##..# ###....#
#.†#)## #.#.#.#
########.#.#######
.........[)......#
#######..#######.#
#..# #O# #..# #@#
#..# #.# .^.. #..
#.... ##.# #....
.# ... .# .# .# .


You could see an ogre.

Vanquished Creatures
  A phantom (D:4)
  2 ogres (D:4)
  The ghost of Kharon the Magician, an average DEWz (D:3)
  Blork the orc (D:4)
  A crimson imp (D:3)
  8 orc priests
  A giant frog skeleton (D:4)
  Natasha (thrice) (D:3)
  3 orc wizards
  Jessica (D:2)
  5 adders
  2 shadow imps (D:3)
  3 giant geckos
  An ooze (D:4)
  13 orcs
  7 bats
  3 giant cockroaches
  7 goblins
  8 hobgoblins
  2 quokkas
  2 ball pythons
  6 giant newts
  4 kobolds
  4 rats
89 creatures vanquished.

Notes
Turn   | Place    | Note
--------------------------------------------------------------
     0 | D:1      | musteatbrain, the Minotaur Fighter, began the quest for the Orb.
     0 | D:1      | Reached XP level 1. HP: 19/19 MP: 1/1
   430 | D:1      | Reached XP level 2. HP: 24/27 MP: 1/1
   548 | D:1      | Reached skill level 4 in Fighting
   636 | D:2      | Found a burning altar of Makhleb.
   815 | D:2      | Noticed Jessica
   825 | D:2      | Killed Jessica
   825 | D:2      | Reached XP level 3. HP: 8/33 MP: 2/2
  1400 | D:2      | Found a radiant altar of Vehumet.
  1528 | D:3      | Noticed Kharon's ghost (average DEWz)
  1530 | D:3      | Noticed Natasha
  1560 | D:3      | Killed Kharon's ghost
  1560 | D:3      | Reached skill level 5 in Fighting
  1560 | D:3      | Reached skill level 5 in Axes
  1560 | D:3      | Reached XP level 4. HP: 9/38 MP: 2/2
  1564 | D:3      | HP: 1/38 [Natasha/magic dart (9)]
  1565 | D:3      | Killed Natasha
  1565 | D:3      | Reached XP level 5. HP: 1/44 MP: 2/2
  1953 | D:3      | Noticed Natasha
  1971 | D:3      | Killed Natasha
  2006 | D:3      | Noticed Natasha
  2008 | D:3      | Found an opulent altar of Gozag.
  2018 | D:3      | Reached skill level 6 in Axes
  2023 | D:3      | Killed Natasha
  2562 | D:4      | Reached XP level 6. HP: 24/52 MP: 3/3
  2746 | D:4      | Noticed Blork the orc
  2757 | D:4      | Killed Blork the orc
  2757 | D:4      | Reached skill level 7 in Axes
  2816 | D:4      | Found a blossoming altar of Fedhas.
  2843 | D:4      | Noticed an ogre
  2848 | D:4      | Killed an ogre
  2848 | D:4      | Reached XP level 7. HP: 53/59 MP: 3/3
  2869 | D:4      | Noticed an ogre
  2880 | D:4      | Killed an ogre
  2880 | D:4      | Reached skill level 8 in Axes
  3104 | D:4      | Noticed a phantom
  3117 | D:4      | Killed a phantom
  3131 | D:4      | You fall through a shaft!
  3131 | D:5      | Entered Level 5 of the Dungeon
  3224 | D:5      | Slain by an ogre

Action                   |  1- 3 |  4- 6 |  7- 9 || total
-------------------------+-------+-------+-------++-------
Melee: War axe           |    78 |    95 |    46 ||   219
  Use: Potion            |     4 |       |       ||     4
  Eat: Chunk             |     1 |       |       ||     1
       Bread ration      |       |     1 |       ||     1
       Meat ration       |       |     1 |       ||     1
